Unix NetHack Version 5.0.0-0 post-release - last build Jul 14 2026 02:55:29 (1809b74e8187c3a3585e283601c3028b46cbbdcb,branch:main).

Game began 2026-07-15 02:44:12, ended 2026-07-15 03:18:27.

Kwijibo4686, neutral female human Valkyrie

                                            -----
                                           --.|.-- ---
                                           |.....---.--
                                           |....|.....|
                                          --..----....|
                                       ----@..|  ---.--
                                        .0..hG---  ---
                                         -d.-G..------
                                         --.%........-
                     --                  ---..GG.---
                 -   |.....            ---.......--
                 |.................    |..........-- --
                 |...............*.........<..........|
                 --.................. --.............--
          ....>.....%............     ................-
         ------------ --------       -----...............
                                         |........---..---
                                         ---...----  -..
                                           --..|       ...
                                            ----       -..-
                                                        ---
Kwijibo4686 the Skirmisher  St:18/05 Dx:8 Co:18 In:9 Wi:9 Ch:9  Neutral
Dlvl:4  $:24 HP:0(42) Pw:10(10) AC:6  Xp:4 T:1151 

Latest messages:
 The hobbit hits the little dog.
 The gnome just misses!
 You miss the gnome.
 The hobbit shoots a gray stone!
 The gray stone misses the iguana.
 A gray stone misses you.
 The iguana bites!
 You miss the gnome.
 You kill the gnome!
 The gnome picks up a puce potion.
 You kill the gnome!
 You miss the iguana.
 The iguana bites!
 You kill the iguana!
 p - a puce potion.
 You hear some noises.
 q - a swirly potion.
 You hear some noises in the distance.
 You hear some noises.
 It bites the gnome.
 The gnome is killed!
 The dwarf picks up a studded leather armor.
 The little dog drops a sling.
 The dwarf puts on a studded leather armor.
 You kill the gnome!
 Welcome to experience level 4.
 r - a scroll labeled TEMOV.
 The gnome shoots an arrow!
 The arrow misses the dwarf.
 You are hit by an arrow.
 The dwarf wields a dwarvish short sword!
 You miss the dwarf.
 The gnome shoots an arrow!
 The arrow misses the dwarf.
 An arrow misses you.
 The dwarf thrusts his dwarvish short sword.
 The dwarf hits!
 You hit the dwarf!
 You miss the dwarf.
 You miss the dwarf.
 The gnome shoots an arrow!
 The arrow hits the gnome lord.
 The dwarf thrusts his dwarvish short sword.
 The dwarf hits!
 The gnome lord picks up a sling.
 You miss the dwarf.
 The dwarf thrusts his dwarvish short sword.
 The dwarf hits!
 You die...
 Do you want your possessions identified? [ynq] (y)

Inventory:
 Coins    ('$')
  $ - 24 gold pieces
 Weapons  (')')
  b - a +0 dagger (alternate weapon; not wielded)
  a - a +1 spear (weapon in left hand)
 Armor    ('[')
  c - an uncursed +3 small shield (being worn)
 Comestibles  ('%')
  d - 5 uncursed food rations
  f - 2 cursed food rations
 Scrolls  ('?')
  r - an uncursed scroll of charging
  n - an uncursed scroll of identify
 Spellbooks  ('+')
  k - an uncursed spellbook of cure blindness
 Potions  ('!')
  p - an uncursed potion of blindness
  o - an uncursed potion of booze
  l - an uncursed potion of healing
  m - a cursed potion of healing
  q - an uncursed potion of monster detection
 Wands    ('/')
  h - a wand of magic missile (0:7)
 Tools    ('(')
  i - an empty uncursed sack
  e - a cursed magic lamp
  g - an uncursed tin whistle

Kwijibo4686 the Valkyrie's attributes:

Background:
 You were a Skirmisher, a level 4 human Valkyrie.
 You were neutral, nominally on a mission for Odin
 who was opposed by Tyr (lawful) and Loki (chaotic).
 You were left-handed.
 You were in the Gnomish Mines, on level 4.
 You entered the dungeon 1151 turns ago.
 It was nighttime.
 There was a new moon in effect when your adventure ended.
 You had 86 experience points, 74 more were needed to attain level 5.

Basics:
 You had 0 out of 42 hit points.
 You had all 10 energy points (spell power).
 Your armor class was 6.
 Your wallet contained 24 zorkmids.
 Autopickup was on for '$?!/="' plus thrown.

Final Characteristics:
 Your strength was 18/05 (limit:18/100).
 Your dexterity was 8 (limit:18).
 Your constitution was 18 (limit:18).
 Your intelligence was 9 (limit:18).
 Your wisdom was 9 (limit:18).
 Your charisma was 9 (limit:18).

Final Status:
 You weren't hungry.
 You were unencumbered.
 You were wielding a spear.
 You had basic skill with spear.

Final Attributes:
 You were devoutly aligned.
 You were cold resistant.
 You were stealthy.
 You are dead.

Miscellaneous:
 You didn't encounter any bones levels.
 Total elapsed playing time was 34 minutes and 15 seconds.

Major events:
 Turn
    1: Kwijibo4686 the neutral human Valkyrie entered the dungeon
  824: attained the rank of Skirmisher (level 3)
 1098: entered the Gnomish Mines
 1151: killed by a dwarf

You didn't know any spells.

Skills:
 Fighting Skills
   bare handed combat [Unskilled]
   two weapon combat  [Unskilled]
   riding             [Unskilled]
 Weapon Skills
   dagger             [Basic]
   axe                [Unskilled]
   pick-axe           [Unskilled]
   short sword        [Unskilled]
   broadsword         [Unskilled]
   long sword         [Unskilled]
   two-handed sword   [Unskilled]
   saber              [Unskilled]
   hammer             [Unskilled]
   quarterstaff       [Unskilled]
   polearms           [Unskilled]
   spear              [Basic]
   trident            [Unskilled]
   lance              [Unskilled]
   sling              [Unskilled]
 Spellcasting Skills
   attack spells      [Unskilled]
   escape spells      [Unskilled]

Voluntary challenges:
 Character rerolling was not enabled.
 You were an atheist.
 You were illiterate.
 You never genocided any monsters.
 You never polymorphed an object.
 You never changed form.
 You used no wishes.
Achievements:
 You attained the rank of Skirmisher.
 You entered the Gnomish Mines.

 The Dungeons of Doom: levels 1 to 3
    Level 1:
       Some fountains.
    Level 2:
    Level 3:
       Stairs down to The Gnomish Mines.
 The Gnomish Mines:
    Level 4: <- You were here.
       Final resting place for
          you, killed by a dwarf.


Vanquished creatures:
 an iguana
  a gas spore
  a hobbit
  a giant rat
  a brown mold
  a red mold
  6 gnomes
  3 jackals
  2 kobolds
  2 goblins
  a sewer rat
  3 grid bugs
  2 lichens
  2 kobold zombies
  4 newts
31 creatures vanquished.

No species were genocided or became extinct.

Game over:
                       ----------
                      /          \
                     /    REST    \
                    /      IN      \
                   /     PEACE      \
                  /                  \
                  |   Kwijibo4686    |
                  |      24 Au       |
                  |   killed by a    |
                  |      dwarf       |
                  |                  |
                  |                  |
                  |       2026       |
                 *|     *  *  *      | *
        _________)/\\_//(\/(/\)/\//\/|_)_______

Farvel Kwijibo4686 the Valkyrie...

You died in The Gnomish Mines on dungeon level 4 with 516 points,
and 24 pieces of gold, after 1151 moves.
You were level 4 with a maximum of 42 hit points when you died.

